 Dungeon Crawl Stone Soup version 0.30-a0-140-gd1020e658a (webtiles) character file.

Game seed: 9354735778582259493

9759 Flugkiller the Grappler (level 11, -3/163 HPs)
             Began as a Troll Warper on Sept 24, 2022.
             Was a Follower of Uskayaw.
             Slain by a killer bee (4 damage)
             ... on level 9 of the Dungeon.
             The game lasted 00:09:32 (7233 turns).

Flugkiller the Grappler (Troll Warper)              Turns: 7233, Time: 00:09:32

Health: -3/163     AC: 10    Str: 25    XL:     11   Next: 27%
Magic:  10/10      EV:  8    Int:  9    God:    Uskayaw [*.....]
Gold:   632        SH:  7    Dex:  9    Spells: 12/12 levels left

rFire   + . .      SeeInvis .      - Unarmed
rCold   . . .      Faith    .    r - +0 kite shield
rNeg    . . .      Spirit   .    A - +2 robe {Will+}
rPois   .          Reflect  .    (helmet restricted)
rElec   .          Harm     .    (no cloak)
rCorr   .          Rampage  .    (gloves unavailable)
Will    +....                    (boots unavailable)
Stlth   ..........               (no amulet)
HPRegen 1.17/turn                p - +4 ring of protection
MPRegen 0.12/turn                (no ring)

@: berserking, lethally poisoned (-3 -> -9), very quick
A: large, unfitting armour, claws 3, regeneration 1, shaggy fur 1, tough skin 1,
fire resistance 1, low MP 2, screaming 1
a: Renounce Religion, Stomp


You were on level 9 of the Dungeon.
You worshipped Uskayaw.
Uskayaw was noncommittal.
You visited 2 branches of the dungeon, and saw 11 of its levels.
You also visited: Bailey.

You collected 632 gold pieces.

Inventory:

Hand Weapons
 n - the +1 rapier of Yeast {vorpal, rC+ Int+4}
   (You found it on level 9 of the Dungeon)

   It inflicts extra damage upon your enemies.
   Int:       It affects your intelligence (+4).
   rC:        It protects you from cold.
Missiles
 c - 7 boomerangs of dispersal (quivered)
 w - 9 boomerangs
 C - 2 curare-tipped darts
Armour
 r - a +0 kite shield (worn)
   (You took it off a gnoll sergeant on level 9 of the Dungeon)
 A - a +2 robe of willpower (worn)
   (You took it off Pikel on level 4 of the Dungeon)
Jewellery
 p - a +4 ring of protection (left claw)
   (You found it on level 6 of the Dungeon)
Wands
 a - a wand of acid (18)
   (You found it on level 4 of the Dungeon)
 e - a wand of iceblast (2)
   (You found it on level 7 of the Dungeon)
 s - a wand of flame (38)
   (You found it on level 4 of the Dungeon)
Scrolls
 l - 3 scrolls of vulnerability
 m - a scroll of enchant armour
 t - 7 scrolls of teleportation
 v - a scroll of magic mapping
 x - a scroll of acquirement
 y - 4 scrolls of fear
 z - a scroll of blinking
 B - a scroll of torment
 D - a scroll of fog {unknown}
Potions
 b - a potion of lignification
 d - 2 potions of might
 f - 3 potions of flight
 g - a potion of ambrosia
 h - a potion of haste
 i - 2 potions of heal wounds {unknown}
 j - a potion of invisibility
 o - 2 potions of attraction
 q - 2 potions of curing
 u - a potion of mutation


   Skills:
 + Level 7.5 Fighting
 - Level 0.8 Throwing
 - Level 2.0 Dodging
 * Level 2.1 Shields
 + Level 11.9 Unarmed Combat
 - Level 1.2 Spellcasting
 - Level 2.1 Translocations
 - Level 5.0 Invocations
 - Level 6.0 Evocations


You had 12 spell levels left.
You didn't know any spells.
Your spell library contained the following spells:

 Spells                   Type           Power      Damage    Failure   Level
 Blink                    Tloc           8%         N/A       47%         2
 Slow                     Hex            0%         N/A       65%         1
 Gell's Gravitas          Tloc           4%         N/A       71%         3
 Lesser Beckoning         Tloc           4%         N/A       71%         3
 Teleport Other           Tloc           4%         N/A       71%         3
 Call Imp                 Summ           0%         N/A       80%         2
 Cigotuvi's Dreadful Rot  Necr/Pois/Air  0%         N/A       80%         2
 Confusing Touch          Hex            0%         N/A       95%         3
 Vampiric Draining        Necr           0%         2d6       95%         3
 Manifold Assault         Tloc           4%         N/A       98%         4
 Dispel Undead            Necr           0%         3d6       100%        4
 Yara's Violent Unravell  Hex/Tmut       0%         3d3       100%        5
 Death Channel            Necr           0%         N/A       100%        6
 Enfeeble                 Hex            0%         N/A       100%        7
 Haunt                    Necr/Summ      0%         N/A       100%        7
 Borgnjor's Revivificati  Necr           0%         N/A       100%        8
 Necromutation            Tmut/Necr      0%         N/A       100%        8
 Death's Door             Necr           0%         N/A       100%        9


Dungeon Overview and Level Annotations

Branches:
Dungeon (10/15) Zot: 26671  Temple (1/1) D:4 Zot: 5985    Lair (0/5) D:10
 Bailey (visited)
    Orc: D:9-12

Altars:
Ashenzari
Cheibriados
Dithmenos
Elyvilon
Fedhas
Gozag
Hepliaklqana
Kikubaaqudgha
Makhleb
Nemelex Xobeh
Okawaru
Qazlal
Ru
Sif Muna
Trog
Uskayaw
Vehumet
Wu Jian
Xom
Yredelemnul
Zin
The Shining One

Shops:
D:5 =

Annotations:
D:10 Nergalle


Innate Abilities, Weirdness & Mutations

You are too large for most types of armour.
You have claws for hands.
Your natural rate of healing is unusually fast.
You are covered in fur. (AC +1)
You have tough skin. (AC +1)
Your flesh is heat resistant. (rF+)
Your magical capacity is very low. (-20% MP)
You occasionally shout uncontrollably at your foes.


Message History

Level annotation: Nergalle The killer bee closely misses you.
The killer bee stings you but does no damage.
You block the killer bee's attack. The killer bee stings you.
You are poisoned.
The killer bee poisons you! The killer bee closely misses you.
The killer bee stings you but does no damage.
The wizard mumbles some strange words.
You feel disoriented. The killer bee stings you.
The killer bee stings you but does no damage.
You block the killer bee's attack.
There is a stone staircase leading up here.
You feel sick. You block the killer bee's attack.
The killer bee closely misses you. You block the killer bee's attack.
The killer bee stings you. The killer bee barely misses you.
The killer bee closely misses you.
You climb upwards.
You feel sick.
There is a stone staircase leading down, spattered with blood here.
Things that are here:
a +0 vorpal flail; a gnoll skeleton You barely miss the killer bee.
The killer bee is moderately wounded.
You feel sick. The killer bee stings you.
You are more poisoned.
The killer bee poisons you! You block the killer bee's attack. x2
The killer bee stings you.
You are more poisoned.
The killer bee poisons you! The killer bee closely misses you.
The killer bee stings you but does no damage.
You barely miss the killer bee.
The killer bee is moderately wounded.
You feel very sick. The killer bee closely misses you.
The killer bee stings you.
The killer bee stings you but does no damage.
The killer bee closely misses you. The killer bee stings you!
The killer bee stings you.
You are more poisoned.
The killer bee poisons you!
You are too injured to fight recklessly!
You are too injured to fight recklessly!
You claw the killer bee!
The killer bee is almost dead.
You feel very sick. The killer bee closely misses you.
The killer bee stings you but does no damage.
The killer bee stings you.
You are more poisoned.
The killer bee poisons you! You block the killer bee's attack.
The killer bee closely misses you. The killer bee misses you.
You miss the killer bee.
The killer bee is severely wounded.
You feel very sick.
The killer bee stings you but does no damage.
You block the killer bee's attack.
The killer bee stings you but does no damage.
You feel very sick. The killer bee stings you.
The killer bee stings you but does no damage.
The killer bee stings you.
There is an open door, spattered with blood here.
The killer bee attacks as you move away!
The killer bee stings you.
You feel very sick.
You barely miss the killer bee.
The killer bee is severely wounded.
You feel very sick. The killer bee barely misses you.
The killer bee closely misses you.
The killer bee stings you but does no damage. x2
You scratch the killer bee.
The killer bee is lightly wounded.
You feel sick. The killer bee stings you.
* * * LOW HITPOINT WARNING * * *
The killer bee stings you but does no damage.
The killer bee closely misses you. You block the killer bee's attack.
You claw the killer bee!
The killer bee is almost dead.
You feel sick. The killer bee barely misses you. The killer bee stings you.
* * * LOW HITPOINT WARNING * * *
The killer bee closely misses you. The killer bee stings you!
* * * LOW HITPOINT WARNING * * *
A red film seems to cover your vision as you go berserk!
You feel yourself moving faster!
You feel mighty!
You feel sick. The killer bee stings you.
* * * LOW HITPOINT WARNING * * *
You are more poisoned.
The killer bee poisons you! The killer bee stings you.
* * * LOW HITPOINT WARNING * * *
You are more poisoned.
The killer bee poisons you! The killer bee closely misses you.
You block the killer bee's attack.
Unknown command.
You miss the killer bee.
The killer bee is almost dead.
* * * LOW HITPOINT WARNING * * *
You feel very sick. The killer bee stings you!
* * * LOW HITPOINT WARNING * * *
The killer bee stings you.
You die...

############ ###########
#....(.....# #.........#
###).........#####.........#
..)))........'..@#.).......#
.##).........###yyy[...<...#
###..........# ###.)[......#
#########'## ########'##
##....# ####...# ######..####
#....### #......## #.####
#.###### ######'########
##'############.............#


You could see 3 killer bees.

Vanquished Creatures
  A two-headed ogre (D:9)
  An orc high priest (Bailey)
  Pikel (D:4)
  2 orc knights (Bailey)
  2 kobold demonologists
  A troll (D:7)
  Grinder (D:4)
  Prince Ribbit (D:5)
  A hornet (D:9)
  A shadow (D:10)
  6 yaks (D:8)
  2 wyverns
  An acid dragon (D:10)
  A water moccasin (D:5)
  14 orc warriors
  2 ice beasts
  An ogre (D:6)
  4 centaurs
  A lemure (D:4)
  2 phantoms
  3 kobold brigands
  3 bullfrogs
  4 scorpions
  A necrophage (D:8)
  A gnoll sergeant (D:9)
  6 killer bees
  3 electric eels (Bailey)
  5 howler monkeys
  3 hounds
  2 jellies
  3 orc priests
  2 gnoll boudas
  7 iguanas
  5 orc wizards
  19 gnolls
  9 adders
  A shadow imp (D:6)
  2 white imps
  2 worms
  4 dart slugs
  34 orcs
  4 bats
  7 endoplasms
  A giant cockroach (D:3)
  14 goblins
  8 hobgoblins
  18 kobolds
  3 quokkas
  10 ball pythons
  2 frilled lizards (D:1)
  24 rats
256 creatures vanquished.

Vanquished Creatures (others)
  An orc wizard (D:10)
1 creature vanquished.

Grand Total: 257 creatures vanquished

Notes
Turn   | Place    | Note
-------+----------+-------------------------------------------
     0 | D:1      | Flugkiller the Troll Warper began the quest for the Orb.
     0 | D:1      | Reached XP level 1. HP: 19/19 MP: 1/1
   136 | D:1      | Reached XP level 2. HP: 27/27 MP: 2/2
   204 | D:1      | Reached skill level 3 in Unarmed Combat
   276 | D:1      | Found a faded altar of an unknown god.
   314 | D:1      | Got Asmodeus's Disquisition on Attendants
   610 | D:1      | Reached XP level 3. HP: 33/33 MP: 3/3
   821 | D:2      | Reached skill level 4 in Unarmed Combat
  1225 | D:3      | Reached XP level 4. HP: 32/41 MP: 4/4
  1680 | D:4      | Reached skill level 5 in Unarmed Combat
  1719 | D:4      | Identified the +2 sling "Niopp" {flame, Int+3}
  1726 | D:4      | Noticed Grinder
  1735 | D:4      | Paralysed by Grinder for 2 turns
  1739 | D:4      | Paralysed by Grinder for 3 turns
  1744 | D:4      | Killed Grinder
  1745 | D:4      | Reached skill level 6 in Unarmed Combat
  1745 | D:4      | Reached XP level 5. HP: 33/48 MP: 5/5
  1745 | D:4      | Reached XP level 6. HP: 38/55 MP: 6/6
  1799 | D:4      | Found a staircase to the Ecumenical Temple.
  1800 | D:4      | Noticed Pikel
  1829 | D:4      | Killed Pikel
  1830 | D:4      | Reached skill level 8 in Unarmed Combat
  1830 | D:4      | Reached XP level 7. HP: 13/62 MP: 7/7
  1966 | D:4      | Reached skill level 9 in Unarmed Combat
  2061 | Temple   | Entered the Ecumenical Temple
  2068 | Temple   | Became a worshipper of Uskayaw the Reveller
  2116 | D:4      | Reached * piety under Uskayaw
  2328 | D:5      | Entered Level 5 of the Dungeon
  2332 | D:5      | Reached XP level 8. HP: 70/70 MP: 8/8
  2442 | D:4      | Reached ** piety under Uskayaw
  2516 | D:5      | Reached *** piety under Uskayaw
  2519 | D:5      | Reached **** piety under Uskayaw
  2548 | D:5      | Reached skill level 10 in Unarmed Combat
  2557 | D:5      | Reached skill level 1 in Evocations
  2931 | D:5      | You fall into a shaft and drop 2 floors!
  2988 | D:6      | Reached ***** piety under Uskayaw
  3166 | D:5      | Found Nowuhasm's Jewellery Boutique.
  3377 | D:6      | Reached XP level 9. HP: 82/84 MP: 9/9
  3491 | D:6      | Noticed Prince Ribbit
  3519 | D:5      | Gained mutation: You are frail. (-10% HP) [potion of
                  | mutation]
  3519 | D:5      | Gained mutation: You occasionally shout uncontrollably at
                  | your foes. [potion of mutation]
  3519 | D:5      | Gained mutation: You are covered in thick fur. (AC +2)
                  | [potion of mutation]
  3519 | D:5      | HP: 2/114 [Prince Ribbit (8)]
  3531 | D:5      | Killed Prince Ribbit
  3553 | D:5      | Lost mutation: You are covered in thick fur. (AC +2)
                  | [potion of mutation]
  3553 | D:5      | Lost mutation: You are frail. (-10% HP) [potion of
                  | mutation]
  3553 | D:5      | Gained mutation: Your magical capacity is low. (-10% MP)
                  | [potion of mutation]
  3553 | D:5      | Gained mutation: Your flesh is heat resistant. (rF+)
                  | [potion of mutation]
  3553 | D:5      | Gained mutation: Your magical capacity is very low. (-20%
                  | MP) [potion of mutation]
  3710 | D:6      | Reached skill level 5 in Fighting
  3871 | D:6      | Found a radiant altar of Vehumet.
  4087 | D:7      | Found an ancient bone altar of Kikubaaqudgha.
  4096 | D:7      | Noticed a troll
  4101 | D:7      | Killed a troll
  4102 | D:7      | Reached skill level 5 in Evocations
  4105 | D:7      | Found a sparkling altar of Nemelex Xobeh.
  4108 | D:7      | Found a bloodstained altar of Trog.
  4129 | D:7      | Found an opulent altar of Gozag.
  4231 | D:7      | Found an ornate altar of the Wu Jian Council.
  4231 | D:7      | Found a basalt altar of Yredelemnul.
  4659 | D:8      | Reached skill level 1 in Invocations
  4730 | D:8      | Reached XP level 10. HP: 65/96 MP: 8/8
  4748 | D:8      | Reached ****** piety under Uskayaw
  4780 | D:8      | Found a flagged portal.
  4822 | Bailey   | Entered a bailey
  4960 | Bailey   | Noticed an orc knight
  4986 | Bailey   | Killed an orc knight
  5159 | Bailey   | Noticed an orc knight
  5176 | Bailey   | Killed an orc knight
  5177 | Bailey   | Reached skill level 11 in Unarmed Combat
  5259 | Bailey   | Noticed an orc high priest
  5263 | Bailey   | Found an iron altar of Okawaru.
  5263 | Bailey   | Noticed a soul eater
  5278 | Bailey   | Killed an orc high priest
  5366 | Bailey   | Identified the +1 plate armour "Wiycepon" {+Inv rC+}
  6298 | D:9      | Reached skill level 5 in Invocations
  6318 | D:9      | Identified the +1 rapier of Yeast {vorpal, rC+ Int+4}
  6340 | D:9      | Reached XP level 11. HP: 96/109 MP: 10/10
  6416 | D:9      | Noticed a two-headed ogre
  6425 | D:9      | Killed a two-headed ogre
  6904 | D:10     | Entered Level 10 of the Dungeon
  6905 | D:10     | Noticed Nergalle
  6970 | D:10     | Reached skill level 1 in Shields
  7105 | D:10     | Found a staircase to the Lair.
  7113 | D:10     | Noticed a wizard
  7233 | D:9      | HP: 8/163 [poisoned by a killer bee]
  7233 | D:9      | HP: 1/163 [killer bee (7)]
  7233 | D:9      | Slain by a killer bee

Illustrated notes

Levels and vault maps discovered:
D:1:      matt_arrival_spirals, layout_basic,
          shapermc_ecumenical_altar_flowoftime, solitary_fountain
D:2:      layout_loops_ring
D:3:      layout_rooms, minmay_rat_hole
D:4:      minmay_angry_zag, layout_rooms, minmay_temple_entry_overgrown,
          uniq_pikel, uniq_grinder
D:5:      layout_loops_cross, serial_shops, nicolae_shop_crystal,
          guppyfry_early_orc_mine
D:6:      layout_gridville, kennysheep_mini, corexii_corridor_pit,
          dk_noncrumbling_3, uniq_prince_ribbit1
D:7:      layout_rooms, grunt_temple_overflow_open, mainiacjoe_overflow_paths,
          nicolae_overflow_two_pavilions, dreamdust_wishing_well,
          hangedman_abyss_or_decor_lesser_grid
D:8:      layout_loops_ring, enter_bailey_4
D:9:      layout_roguey
D:10:     minmay_smoke_and_mirrors, layout_cave_pools, lair_entry_dummy,
          uniq_nergalle
Temple:   nicolae_temple_no_exploring_needed

Skill      XL: |  1  2  3  4  5  6  7  8  9 10 11 |
---------------+----------------------------------+-----
Unarmed Combat | 3 4 6 8 9 10 11 | 11.9
Fighting       | 4 5 7 |  7.5
Evocations     | 3 6 |  6.0
Dodging        | 2 |  2.0
Invocations    | 1 5 |  5.0
Shields        | 2 |  2.1
Throwing       | |  0.8
Spellcasting   | |  1.2
Translocations | |  2.1

Action                   |  1- 3 |  4- 6 |  7- 9 | 10-12 || total
-------------------------+-------+-------+-------+-------++-------
Melee: Unarmed           |   100 |    66 |   322 |   274 ||   762
       Punch             |       |     1 |    18 |    14 ||    33
Evoke: Wand              |       |       |     4 |     5 ||     9
  Use: Potion            |       |     2 |     7 |     5 ||    14
       Scroll            |       |       |    10 |     3 ||    13
 Stab: Sleeping          |     1 |       |     1 |       ||     2
       Paralysed         |       |       |     9 |    15 ||    24
Armor: Robe              |    29 |    16 |   123 |   122 ||   290
       Skin              |       |     1 |    18 |       ||    19
Dodge: Dodged            |    34 |    22 |   172 |   129 ||   357
Block: Kite shield       |       |       |       |    30 ||    30

Table legend: (Time is in decaauts)
 A = Elapsed time spent in this place.
 B = Non-inter-level travel time spent in this place.
 C = Inter-level travel time spent in this place.
 D = Time resting spent in this place.
 E = Time spent auto-exploring this place.
 F = Levels seen in this place.
 G = Mean time per level.
                   A        B        C        D        E       F      G
               +--------+--------+--------+--------+--------+-----+--------+
         Total |   7157 |   6927 |    230 |    935 |   4201 |  12 |  596.4 |
       Dungeon |   6216 |   5992 |    224 |    581 |   3920 |  10 |  621.6 |
        Temple |     14 |      8 |      6 |      0 |      0 |   1 |   14.0 |
        Bailey |    927 |    927 |      0 |    354 |    281 |   1 |  927.0 |
               +--------+--------+--------+--------+--------+-----+--------+

Top non-repeatable levels by time:
  Bailey: 927 daAuts
     D:9: 834 daAuts
     D:5: 829 daAuts
     D:4: 756 daAuts
     D:8: 748 daAuts
     D:6: 726 daAuts
     D:1: 652 daAuts
     D:2: 535 daAuts
     D:7: 496 daAuts
     D:3: 477 daAuts
    D:10: 158 daAuts
  Temple: 14 daAuts
